 Dungeon Crawl Stone Soup version 0.29.1-1-gd02db6906a (webtiles) character file.

Game seed: 15451706975513796867

1809 sleeves the Spear-Bearer (level 8, 0/56 HPs)
             Began as a Mummy Gladiator on Sept 29, 2022.
             Killed from afar by Maggie (6 damage)
             ... with a bolt of fire
             ... on level 6 of the Dungeon.
             The game lasted 00:13:16 (7759 turns).

sleeves the Spear-Bearer (Mummy Gladiator)          Turns: 7759, Time: 00:13:16

Health: 0/56       AC:  9    Str: 17    XL:     8   Next: 84%
Magic:  8/8        EV: 10    Int: 10    God:
Gold:   159        SH:  5    Dex: 13    Spells: 7/7 levels left

rFire   + . .      SeeInvis .   a - +0 trident
rCold   . . .      Faith    .   (no shield)
rNeg    + + +      Spirit   .   n - +0 scale mail
rPois   ∞          Reflect  +   c - +0 helmet
rElec   .          Harm     .   (no cloak)
rCorr   .          Rampage  .   p - +0 pair of gloves
Will    +....                   (no boots)
Stlth   ..........              m - amulet of reflection
HPRegen 0.18/turn               o - ring of fire
MPRegen 0.11/turn               q - ring of protection from fire

@: mesmerised
A: cold resistance 1, negative energy resistance 3, torment resistance 2, heat
vulnerability 1, in touch with death 1, no potions
a: no special abilities


You were on level 6 of the Dungeon.
You visited 1 branch of the dungeon, and saw 6 of its levels.
You also visited: Ossuary.

You collected 159 gold pieces.

Inventory:

Hand Weapons
 a - a +0 trident (weapon)
Missiles
 d - a throwing net (quivered)
 e - a javelin
Armour
 c - a +0 helmet (worn)
 n - a +0 scale mail (worn)
   (You found it on level 1 of the Dungeon)
 p - a +0 pair of gloves (worn)
   (You found it on level 2 of the Dungeon)
Jewellery
 b - the ring "Uplos" {Wiz *Slow rPois rF- Will+++}
   (You found it on level 2 of the Dungeon)

   [ring of wizardry]

   It improves your spell success rate.
   rF:        It makes you vulnerable to fire.
   rPois:     It protects you from poison.
   *Slow:     It may slow you when you take damage.
   Will:      It greatly increases your willpower.
 j - a +6 ring of strength
   (You found it on level 1 of the Dungeon)
 m - an amulet of reflection (around neck)
   (You found it on level 1 of the Dungeon)
 o - a ring of fire (left hand)
   (You found it on level 2 of the Dungeon)
 q - a ring of protection from fire (right hand)
   (You found it on level 3 of the Dungeon)
Wands
 s - a wand of mindburst (18)
   (You found it on level 4 of the Dungeon)
Scrolls
 f - a scroll of brand weapon {unknown}
 g - a scroll of amnesia {unknown}
 h - a scroll of noise {unknown}
 i - 2 scrolls of silence {unknown}
 k - a scroll of vulnerability {unknown}
 l - 5 scrolls of identify {unknown}
 r - 3 scrolls of teleportation
 t - a scroll of torment {unknown}
 u - 2 scrolls of fog {unknown}
 v - 3 scrolls of immolation {unknown}
 w - 2 scrolls of enchant armour {unknown}
 x - a scroll of fear {unknown}


   Skills:
 - Level 2.0 Fighting
 + Level 9.1 Polearms
 - Level 1.5 Throwing
 + Level 3.8 Armour
 - Level 2.4 Dodging


You had 7 spell levels left.
You didn't know any spells.
Your spell library contained the following spells:

 Spells                   Type           Power      Damage    Failure   Level
 Blink                    Tloc           0%         N/A       88%         2
 Inner Flame              Hex/Fire       0%         N/A       98%         3
 Lesser Beckoning         Tloc           0%         N/A       98%         3
 Cause Fear               Hex            0%         N/A       100%        4
 Manifold Assault         Tloc           0%         N/A       100%        5
 Discord                  Hex            0%         N/A       100%        8


Dungeon Overview and Level Annotations

Branches:
Dungeon (6/15)            Ossuary (visited)
 Temple: D:4-7

Altars:
Ru

Shops:
D:1 [

Annotations:
D:6 Maggie


Innate Abilities, Weirdness & Mutations

You are immune to poison.
Your flesh is cold resistant. (rC+)
You are immune to negative energy. (rN+++)
You are immune to unholy pain and torment.
You are vulnerable to heat. (rF-)
You are in touch with the powers of death.
You do not drink.


Message History

You barely miss the lemure.
The lemure is moderately wounded.
The lemure hits you but does no damage.
You puncture the lemure!
The lemure is severely wounded.
The lemure hits you.
You hit the lemure but do no damage.
The lemure is severely wounded.
You block the lemure's attack.
You hit the lemure.
The lemure is almost dead.
You block the lemure's attack.
You hit the lemure.
You kill the lemure!
That felt strangely unrewarding.
No target in view!
No target in view!
No target in view!
No target in view!
No target in view!
There is an open door here.
Pikel is nearby!
Pikel is nearby!
Pikel is nearby!
Press: ? - help, v - describe, . - travel
Here: Pikel, wielding a +1 whip of flaming and wearing a +1 robe of the Archmagi (wandering, hasn't noticed you)
The floor.
Unknown command.
Unknown command.
Unknown command.
You're wearing all the rings you can.
Remove which one? (? for menu, Esc to cancel) < or
j - a +6 ring of strength; > or
q - a ring of protection from fire You remove your +6 ring of strength.
You feel weaker.
Pikel shouts!
You feel more attuned to fire.
o - a ring of fire (left hand)
You reach to attack!
You barely miss Pikel.
An endoplasm comes into view.
The endoplasm quivers.
You hit Pikel.
Pikel is lightly wounded.
Pikel hits you with a +1 whip of flaming.
You hit Pikel but do no damage. You punch Pikel.
Pikel is lightly wounded.
Pikel misses you. Pikel attacks as you move away! You block Pikel's attack.
You hit Pikel.
Pikel is lightly wounded.
Pikel hits you with a +1 whip of flaming.
Pikel burns you.
You barely miss Pikel.
Pikel is lightly wounded.
You block Pikel's attack.
The lemure shouts!
You hit Pikel but do no damage.
Pikel is lightly wounded.
Pikel hits you with a +1 whip of flaming.
Pikel burns you.
You closely miss Pikel.
Pikel is lightly wounded.
You block Pikel's attack.
You hit Pikel.
Pikel is moderately wounded.
Pikel closely misses you.
You hit Pikel.
Pikel is moderately wounded.
Pikel misses you.
You closely miss Pikel.
Pikel is moderately wounded.
You block Pikel's attack.
You hit Pikel but do no damage.
Pikel is moderately wounded.
You block Pikel's attack.
You barely miss Pikel.
Pikel is moderately wounded.
Pikel misses you.
You puncture Pikel! You punch Pikel, but do no damage.
Pikel is heavily wounded.
Pikel barely misses you.
You hit Pikel.
Pikel is severely wounded.
You block Pikel's attack.
You barely miss Pikel.
Pikel is severely wounded.
You block Pikel's attack.
You hit Pikel but do no damage.
Pikel is severely wounded.
Pikel hits you with a +1 whip of flaming!
Pikel burns you.
You are too injured to fight recklessly!
You are too injured to fight recklessly!
You completely miss Pikel.
Pikel is severely wounded.
You block Pikel's attack.
You closely miss Pikel.
Pikel is severely wounded.
Pikel closely misses you.
You puncture Pikel!
Pikel is almost dead.
Pikel hits you with a +1 whip of flaming.
* * * LOW HITPOINT WARNING * * *
Pikel burns you.
* * * LOW HITPOINT WARNING * * *
You puncture Pikel!
You kill Pikel!
With Pikel's spell broken, his former minion thanks you for its freedom.
The lemure departs this earthly plane.
Your Polearms skill increases to level 7!
You have reached level 7!
You hit the endoplasm but do no damage.
The endoplasm hits you but does no damage.
You barely miss the endoplasm. The endoplasm freezes you.
You are frozen.
* * * LOW HITPOINT WARNING * * *
You hit the endoplasm but do no damage. The endoplasm freezes you.
You are frozen.
* * * LOW HITPOINT WARNING * * *
You hit the endoplasm but do no damage. The endoplasm misses you.
You puncture the endoplasm!
You kill the endoplasm!
Things that are here:
a +1 whip of flaming; a +1 robe of the Archmagi You start resting.
HP restored.
You start putting on your armour.
You continue putting on your +0 pair of gloves. x4
You finish putting on your +0 pair of gloves.
You're wearing all the rings you can.
Remove which one? (? for menu, Esc to cancel) < or
o - a ring of fire; > or
q - a ring of protection from fire You remove your ring of fire.
You feel stronger.
j - a +6 ring of strength (left hand)
Things that are here:
a +1 whip of flaming; a +1 robe of the Archmagi
There is an open door here.
The ball python hisses angrily.
A ball python is nearby!
A ball python is nearby!
You reach to attack!
You barely miss the ball python. You closely miss the ball python.
You block the ball python's attack. The ball python grabs you.
The ball python constricts you.
You puncture the ball python!
You kill the ball python!
No target in view!
No target in view!
No target in view!
No target in view!
No target in view!
A hobgoblin comes into view.
The hobgoblin shouts!
A hobgoblin is nearby!
A hobgoblin is nearby!
You enter the shallow water.
Moving in this stuff is going to be slow.
You reach to attack!
You closely miss the hobgoblin.
Your unstable footing causes you to fumble your attack.
The hobgoblin hits you but does no damage.
You puncture the hobgoblin!
You kill the hobgoblin!
No target in view!
No target in view!
No target in view!
No target in view!
No target in view!
You see here a hobgoblin corpse.
A goblin comes into view. It is wielding a +0 dagger.
The goblin shouts!
You hear a shout!
The goblin unwields a +0 dagger.
The goblin wields a +0 sling.
The goblin shoots a sling bullet.
The sling bullet barely misses you.
A goblin is nearby!
A goblin is nearby!
The goblin shoots a sling bullet.
You reflect the sling bullet off an invisible shield around you!
The sling bullet hits the goblin.
You reach to attack!
You hit the goblin but do no damage.
The goblin is severely wounded.
A goblin comes into view. It is wielding a +0 club.
You closely miss the goblin.
The goblin is severely wounded.
The goblin unwields a +0 sling.
The goblin wields a +0 dagger.
The goblin hits you but does no damage.
There are monsters nearby!
You closely miss the goblin.
The goblin is severely wounded.
The goblin hits you with a +0 dagger.
You barely miss the goblin.
The goblin is severely wounded.
The goblin hits you but does no damage.
You miss the goblin.
The goblin is severely wounded.
You barely miss the goblin.
The goblin is severely wounded.
The goblin closely misses you.
You closely miss the goblin. Your punch misses the goblin.
The goblin is severely wounded.
The goblin hits you but does no damage.
You closely miss the goblin.
The goblin is severely wounded.
The goblin completely misses you.
You completely miss the goblin.
The goblin is severely wounded.
The goblin hits you but does no damage.
You barely miss the goblin.
The goblin is moderately wounded.
The goblin hits you with a +0 dagger.
You hit the goblin.
You kill the goblin!
You reach to attack!
You closely miss the goblin. You closely miss the goblin.
The goblin hits you but does no damage.
You barely miss the goblin. The goblin closely misses you.
You closely miss the goblin. The goblin hits you but does no damage.
You hit the goblin but do no damage. The goblin closely misses you.
You puncture the goblin!
You kill the goblin!
No target in view!
No target in view!
No target in view!
Items here: ))) ††.
Found a stone staircase leading up.
Items here: ))) ††.
You see here a hobgoblin corpse.
You enter the shallow water.
Moving in this stuff is going to be slow.
You enter the shallow water.
Moving in this stuff is going to be slow.
There is a stone staircase leading up here.
You enter the shallow water.
Moving in this stuff is going to be slow.
You enter the shallow water.
Moving in this stuff is going to be slow.
There is a stone staircase leading down here.
There is an open door here.
There is an open door here.
You see here a +0 long sword.
Key pressed, stopping explore.
You enter the shallow water.
Moving in this stuff is going to be slow.
There is an open door here.
You enter the shallow water.
Moving in this stuff is going to be slow.
You enter the shallow water.
Moving in this stuff is going to be slow.
You enter the shallow water.
Moving in this stuff is going to be slow.
You enter the shallow water.
Moving in this stuff is going to be slow.
Partly explored, can't reach some places.
Partly explored, can't reach some places.
Search for what [? for help]? shie Can't find anything matching that.
Search for what [Enter for "shie", or ? for help]? pole Search for what [Enter for "pole", or ? for help]? armor
Okay, then.
Partly explored, can't reach some places.
Partly explored, can't reach some places.
Partly explored, can't reach some places.
Partly explored, can't reach some places.
(D) Dungeon
Where to? (Enter - D:3 @ (x,y), ? - help)
There is an open door here.
There is a stone staircase leading down here.
You climb downwards.
There is a stone staircase leading up here.
A hound comes into view.
A hound is nearby!
A hound is nearby!
You closely miss the hound. The hound barely misses you.
You puncture the hound!
The hound is heavily wounded.
You block the hound's attack.
You puncture the hound!
You kill the hound!
No target in view!
Found a trident.
An ogre comes into view. It is wielding a +0 giant club.
The ogre shouts!
An ogre is nearby!
Reach: a) +0 trident
Press: ? - help, Dir - move target, f - ogre
Aim: an ogre, wielding a +0 giant club (about 25% to evade your +0 trident)
You reach to attack!
You puncture the ogre!
The ogre is moderately wounded.
You barely miss the ogre.
The ogre is moderately wounded.
The ogre hits you with a +0 giant club!
Unknown command.
Reach: a) +0 trident
Press: ? - help, Dir - move target, f/p - ogre
Aim: an ogre, wielding a +0 giant club (moderately wounded, about 25% to evade your +0 trident)
You barely miss the ogre.
The ogre is moderately wounded.
The ogre hits you with a +0 giant club!
There is a stone staircase leading up here.
You climb upwards.
There is a stone staircase leading down here.
There is an open door here.
There is a stone staircase leading down here.
You climb downwards.
There is a stone staircase leading up here.
HP restored.
There is a stone staircase leading up here.
Found an escape hatch in the ceiling.
There is an escape hatch in the ceiling here.
Found a leather armour.
You now have 147 gold pieces (gained 13).
Found a stone staircase leading up.
r - 3 scrolls of teleportation (gained 1)
You now have 152 gold pieces (gained 5).
You see here a +0 leather armour.
You open the door.
There is an open door here.
There is an open door here.
An ice beast comes into view.
The ice beast moves out of view.
Okay, then.
Reach: a) +0 trident
Press: ? - help, Dir - move target, f - ice beast
Aim: an ice beast (about 40% to evade your +0 trident)
You reach to attack!
You closely miss the ice beast. You puncture the ice beast!
The ice beast is moderately wounded.
The ice beast hits you but does no damage.
You hit the ice beast.
The ice beast is moderately wounded.
The ice beast closely misses you.
You closely miss the ice beast.
The ice beast is moderately wounded.
You hit the ice beast.
The ice beast is heavily wounded.
You block the ice beast's attack.
You hit the ice beast.
The ice beast is severely wounded.
The ice beast hits you but does no damage.
You barely miss the ice beast.
The ice beast is severely wounded.
The ice beast hits you. The ice beast freezes you. You resist.
You hit the ice beast but do no damage.
The ice beast is severely wounded.
The ice beast hits you. The ice beast freezes you. You resist.
You hit the ice beast but do no damage.
The ice beast is severely wounded.
The ice beast hits you but does no damage.
You puncture the ice beast!
You kill the ice beast!
Your Polearms skill increases to level 8!
An ogre is nearby!
The ogre shouts!
Reach: a) +0 trident
Press: ? - help, Dir - move target, f - ogre
Aim: an ogre, wielding a +0 giant club (about 24% to evade your +0 trident)
You reach to attack!
You puncture the ogre!
The ogre is heavily wounded.
You puncture the ogre!
The ogre is almost dead.
The ogre hits you with a +0 giant club!!
Ouch! That really hurt!
* * * LOW HITPOINT WARNING * * *
Reach: a) +0 trident
Press: ? - help, Dir - move target, f/p - ogre
Aim: an ogre, wielding a +0 giant club (almost dead, about 24% to evade your +0 trident)
You reach to attack!
You completely miss the ogre.
The ogre is almost dead.
You hit the ogre.
The ogre is almost dead.
The ogre closely misses you.
You hit the ogre.
You kill the ogre!
You have reached level 8!
Key pressed, stopping explore.
A bullfrog comes into view.
A bullfrog is nearby!
A bullfrog is nearby!
You closely miss the bullfrog. You block the bullfrog's attack.
You barely miss the bullfrog. The bullfrog hits you.
You miss the bullfrog. The bullfrog barely misses you.
You block the bullfrog's attack.
You barely miss the bullfrog. Your punch misses the bullfrog.
The bullfrog hits you but does no damage.
You barely miss the bullfrog. The bullfrog closely misses you.
The bullfrog hits you but does no damage.
You puncture the bullfrog!
The bullfrog is severely wounded.
The bullfrog hits you but does no damage.
You closely miss the bullfrog.
The bullfrog is severely wounded.
The bullfrog barely misses you.
You barely miss the bullfrog.
The bullfrog is severely wounded.
The bullfrog hits you but does no damage.
You puncture the bullfrog!
You kill the bullfrog!
Your Armour skill increases to level 1!
No target in view!
No target in view!
No target in view!
No target in view!
No target in view!
No target in view!
An orc comes into view. It is wielding a +0 dagger.
The orc shouts!
An orc is nearby!
An orc is nearby!
You reach to attack!
You barely miss the orc. You puncture the orc!
The orc is almost dead.
A hound comes into view.
The orc barely misses you.
You closely miss the orc.
The orc is almost dead.
The hound barks!
You block the orc's attack.
You closely miss the orc.
The orc is almost dead.
You block the orc's attack.
You hit the orc.
You kill the orc!
You hit the hound.
The hound is lightly wounded.
The hound bites you but does no damage.
You puncture the hound!
The hound is heavily wounded.
The hound closely misses you. You block the hound's attack.
You hit the hound but do no damage.
The hound is heavily wounded.
The hound bites you but does no damage.
You puncture the hound!
You kill the hound!
No target in view!
No target in view!
Things that are here:
a +0 dagger; a +0 ring mail
w - 2 scrolls labelled FUSUIJ CUFFUOZ (gained 1)
Found a stone staircase leading down.
There is a stone staircase leading down here.
Key pressed, stopping explore.
There is a stone staircase leading up here.
There is an escape hatch in the ceiling here.
You see here a +0 trident.
There is a stone staircase leading up here.
Things that are here:
a +0 dagger; a +0 ring mail
Found an escape hatch in the floor.
A scorpion comes into view.
A scorpion is nearby!
A scorpion is nearby!
A scorpion is nearby!
You reach to attack!
You hit the scorpion but do no damage. You barely miss the scorpion.
The scorpion misses you.
You hit the scorpion but do no damage. The scorpion stings you. x2
You puncture the scorpion!
The scorpion is heavily wounded.
The scorpion barely misses you.
You hit the scorpion.
The scorpion is severely wounded.
The scorpion closely misses you.
You barely miss the scorpion.
The scorpion is severely wounded.
The scorpion closely misses you.
You barely miss the scorpion.
The scorpion is severely wounded.
The scorpion barely misses you.
You puncture the scorpion!
You kill the scorpion!
No target in view!
No target in view!
Found a sedimented blue potion.
Found a stone staircase leading down.
A hound comes into view.
The hound barks!
Found a stone staircase leading down.
You reach to attack!
You miss the hound. The hound completely misses you.
You hit the hound.
The hound is moderately wounded.
The hound bites you but does no damage.
You hit the hound.
The hound is heavily wounded.
The hound completely misses you.
You hit the hound.
The hound is severely wounded.
The hound misses you. The hound barely misses you.
You barely miss the hound.
The hound is severely wounded.
The hound barely misses you.
You completely miss the hound.
The hound is severely wounded.
The hound bites you.
You hit the hound.
You kill the hound!
No target in view!
No target in view!
No target in view!
No target in view!
Found a sling.
x - a scroll labelled FIDIERH NELOE 2 gnolls come into view.
The gnoll shouts! x2
A gnoll comes into view. It is wielding a +1 vorpal flail.
The gnoll shouts!
You hear a shout!
A gnoll comes into view. It is wielding a +0 spear.
There is a stone staircase leading down here.
An orc and an orc wizard come into view.
The orc wizard gestures at you while chanting.
You easily resist.
You hear a shout!
You hit the gnoll but do no damage. You block the gnoll's attack.
You puncture the gnoll!
The gnoll is almost dead.
You puncture the gnoll!
You kill the gnoll!
You barely miss the gnoll. You block the gnoll's attack.
You barely miss the gnoll. The gnoll hits you but does no damage.
The orc wizard casts a spell.
The orc wizard flickers and vanishes!
Deactivating autopickup; reactivate with Ctrl-A.
You closely miss the gnoll. The gnoll closely misses you.
You closely miss the gnoll. The gnoll hits you but does no damage.
You barely miss the gnoll.
An orc comes into view. It is wielding a +0 club.
The gnoll hits you but does no damage.
You hit the gnoll but do no damage. The gnoll hits you but does no damage.
You puncture the gnoll!
The gnoll is severely wounded.
You puncture the gnoll!
You kill the gnoll!
Your Armour skill increases to level 2!
You completely miss the gnoll. The gnoll closely misses you.
You closely miss the gnoll. The gnoll closely misses you.
You hit the gnoll.
The gnoll is moderately wounded.
The gnoll hits you with a +1 vorpal flail.
You puncture the gnoll!
The gnoll is almost dead.
The gnoll hits you with a +1 vorpal flail.
You puncture the gnoll!
You kill the gnoll!
Something you can't see is in the way.
You miss something. Something hits you but does no damage.
Something you can't see is in the way.
You puncture something! Something you can't see is in the way.
You closely miss something. You barely miss the orc. You closely miss the orc.
The orc hits you with a +0 hand axe.
You barely miss the orc. You block the orc's attack.
You puncture the orc!
You kill the orc!
Something you can't see is in the way.
You closely miss something.
You reach to attack!
You closely miss the orc. Something hits you.
You reach to attack!
You hit the orc.
The orc is lightly wounded.
Something hits you but does no damage.
You reach to attack!
You hit the orc but do no damage. Something completely misses you.
You reach to attack!
You closely miss the orc. Something hits you but does no damage.
Something you can't see is in the way.
You hit something. You block something's attack.
You reach to attack!
You barely miss the orc.
You hear some strange, mumbled words.
Something tries to affect you, but you resist.
Something you can't see is in the way.
You puncture something!
Reactivating autopickup.
You feel a bit more experienced.
You hit the orc.
The orc is moderately wounded.
The orc hits you but does no damage.
You hit the orc but do no damage.
The orc is moderately wounded.
You block the orc's attack.
You hit the orc but do no damage.
The orc is moderately wounded.
You hit the orc.
You kill the orc!
No target in view!
No target in view!
No target in view!
No target in view!
No target in view!
No target in view!
No target in view!
No target in view!
No target in view!
No target in view!
No target in view!
Items here: )))))) [[[.
An adder comes into view.
Found a metallic orange potion.
A jelly comes into view.
The jelly quivers.
You reach to attack!
You closely miss the adder. You barely miss the adder.
The adder bites you but does no damage.
You hit the jelly.
Your hands burn!
The jelly is moderately wounded.
The jelly barely misses you. The adder barely misses you.
You barely miss the adder. The adder bites you but does no damage.
You block the adder's attack. The jelly attacks as you move away!
The jelly hits you but does no damage.
You puncture the jelly!
You kill the jelly!
You closely miss the adder. You block the adder's attack.
You closely miss the adder. You block the adder's attack.
You puncture the adder!
You kill the adder!
No target in view!
No target in view!
No target in view!
No target in view!
No target in view!
No target in view!
No target in view!
You see here an adder corpse.
You see here an adder corpse.
Items here: )))))) [[[.
A wyvern comes into view.
The wyvern hisses angrily.
A wyvern is nearby!
A wyvern is nearby!
A wyvern is nearby!
You reach to attack!
You hit the wyvern but do no damage. You hit the wyvern.
The wyvern is lightly wounded.
The wyvern bites you but does no damage.
You hit the wyvern but do no damage.
The wyvern is lightly wounded.
The wyvern bites you!
You closely miss the wyvern. The wyvern bites you!
The wyvern completely misses you.
You are too injured to fight recklessly!
Throw: 4 throwing nets
Press: ? - help, Q - select action, (/) - cycle Shift-Dir - straight line, f/p - wyvern
Aim: a wyvern (57% to hit)
You throw a throwing net. The throwing net hits the wyvern.
The wyvern is caught in the net!
The wyvern struggles against the net.
You puncture the wyvern!
The wyvern is heavily wounded.
The wyvern struggles against the net.
You puncture the wyvern!
The wyvern is severely wounded.
The wyvern struggles against the net. x2
The net rips apart, and the wyvern comes free!
You hit the wyvern but do no damage.
The wyvern is severely wounded.
The wyvern bites you!
* * * LOW HITPOINT WARNING * * *
You closely miss the wyvern.
The wyvern is severely wounded.
The wyvern bites you!
* * * LOW HITPOINT WARNING * * *
Throw: 3 throwing nets
Press: ? - help, Q - select action, (/) - cycle Shift-Dir - straight line, f/p - wyvern
Aim: a wyvern (severely wounded, 57% to hit)
You throw a throwing net. The throwing net hits the wyvern.
The wyvern is caught in the net!
The wyvern is severely wounded.
The wyvern struggles against the net. x2
You puncture the wyvern!
The wyvern is almost dead.
The wyvern struggles against the net.
The net rips apart, and the wyvern comes free!
You puncture the wyvern!
You kill the wyvern!
A gnoll is nearby!
A gnoll is nearby!
A gnoll is nearby!
Items here: )))))) [[[.
You see here an adder corpse.
You start resting.
HP restored.
You see here an adder skeleton.
Items here: )))))) [[[.
A water moccasin comes into view.
The water moccasin hisses angrily.
A water moccasin is nearby!
A water moccasin is nearby!
Found 7 gold pieces.
You hit the water moccasin.
The water moccasin is lightly wounded.
You block the water moccasin's attack.
The water moccasin bites you but does no damage.
You closely miss the water moccasin.
The water moccasin is lightly wounded.
The water moccasin bites you.
You miss the water moccasin.
The water moccasin is lightly wounded.
The water moccasin bites you.
You barely miss the water moccasin.
The water moccasin is lightly wounded.
The water moccasin closely misses you.
You puncture the water moccasin!
The water moccasin is heavily wounded.
The water moccasin barely misses you.
You miss the water moccasin.
The water moccasin is heavily wounded.
The water moccasin bites you.
You puncture the water moccasin!
The water moccasin is severely wounded.
The water moccasin barely misses you. The water moccasin closely misses you.
You miss the water moccasin.
The water moccasin is severely wounded.
The water moccasin bites you.
You closely miss the water moccasin.
The water moccasin is severely wounded.
The water moccasin bites you.
You completely miss the water moccasin.
The water moccasin is severely wounded.
The water moccasin bites you.
You are too injured to fight recklessly!
You are too injured to fight recklessly!
You are too injured to fight recklessly!
You are too injured to fight recklessly!
You are too injured to fight recklessly!
You are too injured to fight recklessly!
You are too injured to fight recklessly!
You are too injured to fight recklessly!
A water moccasin is nearby!
You puncture the water moccasin!
You kill the water moccasin!
Your Armour skill increases to level 3!
You now have 159 gold pieces (gained 7).
A gnoll bouda comes into view. It is wielding a +0 whip.
A gnoll bouda is nearby!
A gnoll bouda is nearby!
A gnoll bouda is nearby!
The gnoll bouda shouts!
The gnoll shouts!
You puncture the gnoll bouda!
The gnoll bouda is moderately wounded.
The gnoll bouda closely misses you.
You puncture the gnoll bouda!
The gnoll bouda is almost dead.
The gnoll bouda barks out a call to the hunt!
The gnoll picks up the pace!
You hit the gnoll bouda but do no damage.
The gnoll bouda is almost dead.
The gnoll bouda hits you with a +0 whip!
You puncture the gnoll bouda!
You kill the gnoll bouda!
You reach to attack!
You hit the gnoll but do no damage. You block the gnoll's attack.
You reach to attack!
You barely miss the gnoll. The gnoll hits you but does no damage.
You reach to attack!
You hit the gnoll.
The gnoll is lightly wounded.
The gnoll hits you from afar with a +0 spear.
You reach to attack!
You closely miss the gnoll.
The gnoll is lightly wounded.
You block the gnoll's attack.
You reach to attack!
You puncture the gnoll!
The gnoll is almost dead.
The gnoll hits you but does no damage.
You reach to attack!
You hit the gnoll.
You kill the gnoll!
No target in view!
No target in view!
No target in view!
No target in view!
No target in view!
No target in view!
No target in view!
No target in view!
No target in view!
No target in view!
Things that are here:
a +0 whip; a +0 robe; a gnoll corpse
Things that are here:
a +0 spear; a gnoll corpse You see here a +0 sling.
Done exploring.
Done exploring.
Done exploring.
Done exploring.
No target in view!
Search for what [Enter for "armor", or ? for help]? pole Unknown command.
Done exploring.
Done exploring.
You can't go down here!
(D) Dungeon
Where to? (Enter - D:4 @ (x,y), ? - help)
There is a stone staircase leading down here.
You climb downwards.
There is a stone staircase leading up here.
A scorpion is nearby!
Unknown command.
An orc comes into view. It is wielding a +0 hand axe.
The orc shouts!
You hear a shout!
You reach to attack!
You barely miss the scorpion. You hit the scorpion.
The scorpion is moderately wounded.
The scorpion stings you.
You barely miss the scorpion.
The scorpion is moderately wounded.
The scorpion closely misses you.
You hit the scorpion but do no damage.
The scorpion is moderately wounded.
The scorpion stings you but does no damage.
You puncture the scorpion!
The scorpion is severely wounded.
You block the scorpion's attack.
You closely miss the scorpion.
The scorpion is severely wounded.
The scorpion misses you. The scorpion attacks as you move away!
The scorpion completely misses you.
There is a stone staircase leading up here.
You closely miss the scorpion.
The scorpion is severely wounded.
The scorpion stings you. The orc misses you.
You hit the scorpion but do no damage.
The scorpion is severely wounded.
The scorpion stings you but does no damage.
You barely miss the scorpion.
The scorpion is severely wounded.
You block the scorpion's attack. The orc hits you but does no damage.
You puncture the scorpion!
You kill the scorpion!
The orc closely misses you.
You hit the orc but do no damage. The orc hits you but does no damage.
You puncture the orc!
You kill the orc!
No target in view!
No target in view!
No target in view!
No target in view!
No target in view!
No target in view!
No target in view!
HP restored.
Found a stone staircase leading down.
An ice beast comes into view.
The ice beast moves out of view.
An ice beast is nearby!
You can't go up here!
You reach to attack!
You hit the ice beast.
The ice beast is lightly wounded.
You closely miss the ice beast.
The ice beast is lightly wounded.
The ice beast hits you but does no damage.
You hit the ice beast.
The ice beast is moderately wounded.
The ice beast closely misses you.
You puncture the ice beast!
The ice beast is severely wounded.
The ice beast barely misses you.
You hit the ice beast.
The ice beast is almost dead.
You closely miss the ice beast.
The ice beast is almost dead.
The ice beast barely misses you.
You hit the ice beast.
The ice beast is almost dead.
The ice beast barely misses you.
You hit the ice beast but do no damage.
The ice beast is almost dead.
The ice beast closely misses you.
You barely miss the ice beast.
The ice beast is almost dead.
The ice beast closely misses you.
You hit the ice beast.
The ice beast is almost dead.
A bullfrog comes into view.
You block the ice beast's attack.
You hit the ice beast.
You kill the ice beast!
Your Polearms skill increases to level 9!
You barely miss the bullfrog.
The bullfrog hits you but does no damage.
You hit the bullfrog.
The bullfrog is moderately wounded.
The bullfrog hits you.
You closely miss the bullfrog.
The bullfrog is moderately wounded.
The bullfrog barely misses you. x2
You puncture the bullfrog!
The bullfrog is severely wounded.
The bullfrog barely misses you.
You puncture the bullfrog!
You kill the bullfrog!
No target in view!
No target in view!
No target in view!
No target in view!
(D) Dungeon
Where to? (Enter - D:6 @ (x,y), ? - help)
There is a stone staircase leading up here.
You climb upwards.
There is a stone staircase leading down here.
HP restored.
There is a stone staircase leading down here.
You climb downwards.
Maggie shouts!
You hear a bark!
Maggie hits you with a +0 scimitar!
There is a stone staircase leading up here.
Press: ? - help, v - describe, . - travel
Here: Maggie, wielding a +0 scimitar and wearing +0 steam dragon scales The floor.
Unknown command.
Unknown command.
Unknown command.
You're wearing all the rings you can.
Remove which one? (? for menu, Esc to cancel) < or
j - a +6 ring of strength; > or
q - a ring of protection from fire You remove your +6 ring of strength.
You feel weaker.
You feel more attuned to fire.
o - a ring of fire (left hand) Maggie hits you with a +0 scimitar.
You can't drink.
You hit Maggie.
Maggie is lightly wounded.
Maggie gestures at you while chanting. The bolt of fire hits you. You resist.
You hear a bark!
You puncture Maggie!
Maggie is lightly wounded.
You hit Maggie.
Maggie is lightly wounded.
Maggie hits you with a +0 scimitar.
You hit Maggie.
Maggie is moderately wounded.
Maggie mumbles some strange words.
Maggie attempts to bespell you!
You easily resist.
You puncture Maggie!
Maggie is moderately wounded.
Maggie barely misses you.
You puncture Maggie!
Maggie is heavily wounded.
Maggie gestures wildly while chanting.
Maggie attempts to bespell you!
You are mesmerised by Maggie!
You puncture Maggie!
Maggie is severely wounded.
Maggie casts a spell.
Maggie draws you further into her thrall.
You hit Maggie but do no damage.
Maggie is severely wounded.
You barely miss Maggie.
Maggie is severely wounded.
Maggie mumbles the words to a spell, but in the wrong order.
Maggie completely misses you.
You barely miss Maggie.
Maggie is severely wounded.
You block Maggie's attack.
You hit Maggie.
Maggie is severely wounded.
Maggie hits you with a +0 scimitar.
You hit Maggie.
Maggie is almost dead.
Maggie casts a spell.
Maggie draws you further into her thrall.
You hear a bark!
You barely miss Maggie.
Maggie is almost dead.
Maggie mumbles some strange words.
Maggie draws you further into her thrall.
You completely miss Maggie.
Maggie is almost dead.
A hound comes into view.
Maggie hits you with a +0 scimitar!
* * * LOW HITPOINT WARNING * * *
You hit Maggie but do no damage.
Maggie is almost dead.
You hit Maggie.
Maggie is almost dead.
Maggie hits you but does no damage.
You cannot move away from Maggie!
You hit Maggie.
Maggie is almost dead.
Maggie casts a spell at you. The bolt of fire hits you! You resist.
* * * LOW HITPOINT WARNING * * *
You hit Maggie but do no damage.
Maggie is almost dead.
Maggie misses you.
You puncture Maggie!
Maggie is almost dead.
Maggie casts a spell at you. The bolt of fire hits you! You resist.
* * * LOW HITPOINT WARNING * * *
You closely miss Maggie.
Maggie is almost dead.
You closely miss Maggie.
Maggie is almost dead.
Maggie barely misses you.
You barely miss Maggie.
Maggie is almost dead.
Maggie gestures at you while chanting. The bolt of fire hits you. You resist.
* * * LOW HITPOINT WARNING * * *
Throw: 2 throwing nets
Press: ? - help, Q - select action, (/) - cycle Shift-Dir - straight line, f - Maggie
Aim: Maggie, wielding a +0 scimitar and wearing +0 steam dragon scales (almost dead, mesmerising, 57% to hit)
You throw a throwing net. The throwing net hits Maggie.
Maggie is caught in the net!
Maggie is almost dead.
Maggie points at you and mumbles some strange words.
The bolt of fire hits you. You resist.
You die...

######
.....
....
..#
##.#
#@#
#.@##
#.# #.
#


You could see Maggie (mesmerising, caught).

Vanquished Creatures
  Pikel (D:4)
  A wyvern (D:5)
  Menkaure (D:4)
  A water moccasin (D:5)
  2 ice beasts
  An ogre (D:5)
  3 lemures
  2 bullfrogs
  2 scorpions
  A human zombie (Ossuary)
  3 hounds (D:5)
  A gnoll bouda (D:5)
  A jelly (D:5)
  An orc wizard (D:5)
  4 mummies
  8 gnolls
  3 adders
  2 dart slugs
  5 orcs
  4 bats
  8 endoplasms
  7 giant cockroaches
  12 goblins
  12 hobgoblins
  7 kobolds
  7 quokkas
  6 ball pythons
  7 frilled lizards
  4 goblin zombies (Ossuary)
  6 kobold zombies (Ossuary)
  2 orc zombies (D:4)
  3 rats
128 creatures vanquished.

Vanquished Creatures (others)
  18 plants (D:1)
18 creatures vanquished.

Grand Total: 146 creatures vanquished

Notes
Turn   | Place    | Note
-------+----------+-------------------------------------------
     0 | D:1      | sleeves the Mummy Gladiator began the quest for the Orb.
     0 | D:1      | Reached XP level 1. HP: 16/16 MP: 1/1
    86 | D:1      | Reached skill level 3 in Polearms
    86 | D:1      | Reached XP level 2. HP: 18/22 MP: 2/2
   158 | D:1      | Found Saziol's Armour Boutique.
   283 | D:1      | HP: 11/22 [quokka (3)]
   609 | D:1      | Gained mutation: You are in touch with the powers of death.
                  | [Mummy growth]
   609 | D:1      | Reached XP level 3. HP: 27/27 MP: 3/3
   648 | D:1      | Found a faded altar of an unknown god.
  1426 | D:2      | Identified the ring "Uplos" {Wiz *Slow rPois rF- Will+++}
  1604 | D:2      | Reached skill level 4 in Polearms
  1604 | D:2      | Reached XP level 4. HP: 22/33 MP: 4/4
  3124 | D:3      | Reached XP level 5. HP: 38/38 MP: 5/5
  3329 | D:4      | Found a sacrificial altar of Ru.
  3469 | D:4      | Noticed a lemure
  3469 | D:4      | Noticed a lemure
  3469 | D:4      | Noticed Pikel
  3469 | D:4      | Noticed a lemure
  3574 | D:4      | Noticed Menkaure
  3586 | D:4      | Killed Menkaure
  3587 | D:4      | Reached skill level 5 in Polearms
  3684 | D:4      | Found a sand-covered staircase.
  3693 | D:4      | HP: 13/38 [mummy (12)]
  3696 | D:4      | Reached XP level 6. HP: 15/44 MP: 6/6
  3902 | Ossuary  | Entered an ossuary
  3902 | Ossuary  | Noticed a wraith
  3902 | Ossuary  | Noticed a wraith
  3902 | Ossuary  | Noticed a wraith
  4069 | Ossuary  | HP: 20/44 [mummy (12)]
  4070 | Ossuary  | HP: 8/44 [mummy (12)]
  4379 | Ossuary  | Reached skill level 6 in Polearms
  4605 | Ossuary  | Noticed a wraith
  5190 | D:4      | HP: 21/44 [Pikel/+1 whip of flaming (5)]
  5191 | D:4      | Killed Pikel
  5192 | D:4      | Reached skill level 7 in Polearms
  5192 | D:4      | Reached XP level 7. HP: 23/50 MP: 7/7
  5719 | D:5      | Entered Level 5 of the Dungeon
  6059 | D:5      | Reached skill level 8 in Polearms
  6173 | D:5      | HP: 24/50 [ogre/+0 giant club (26)]
  6178 | D:5      | Reached XP level 8. HP: 28/56 MP: 8/8
  6364 | D:5      | Reached skill level 1 in Armour
  6898 | D:5      | Reached skill level 2 in Armour
  7043 | D:5      | HP: 26/56 [wyvern (8)]
  7044 | D:5      | HP: 11/56 [wyvern (15)]
  7352 | D:5      | Reached skill level 3 in Armour
  7702 | D:6      | Reached skill level 9 in Polearms
  7734 | D:6      | Noticed Maggie
  7750 | D:6      | HP: 27/56 [Maggie/+0 scimitar (11)]
  7755 | D:6      | HP: 12/56 [Maggie/bolt of fire (8)]
  7759 | D:6      | Killed from afar by Maggie

Illustrated notes

Levels and vault maps discovered:
D:1:      lightli_arrival_farm, layout_basic, serial_shops, shop,
          nicolae_ecumenical_lake_church, minmay_small_reverse_x
D:2:      layout_basic, columned_hall_lemuel, grunt_decor_mini_mirrors
D:3:      layout_loops_cross, kennysheep_flooded_box, reono_crystal_passage
D:4:      layout_basic, hangedman_ru_absence, serial_rivers,
          chequers_serial_rivers_micro_b, chequers_serial_rivers_micro_e,
          chequers_serial_rivers_large_a, chequers_serial_rivers_marsh,
          nicolae_ossuary_entry_giza, kennysheep_nub, uniq_menkaure, uniq_pikel
D:5:      layout_cave_pods, dreamdust_mushroom_princess, kennysheep_path_1
D:6:      layout_loops_cross, gammafunk_temple_overflow_arena,
          minmay_temple_entry_stoned_glass, uniq_maggie

Skill      XL: |  1  2  3  4  5  6  7  8 |
---------------+-------------------------+-----
Polearms       | 3 4 5 7 8 9 |  9.1
Armour         | 3 |  3.8
Fighting       | |  2.0
Throwing       | |  1.5
Dodging        | |  2.4

Action                   |  1- 3 |  4- 6 |  7- 9 || total
-------------------------+-------+-------+-------++-------
Melee: Trident           |   153 |   238 |   206 ||   597
       Punch             |     1 |     4 |       ||     5
Throw: Throwing net      |       |     1 |     3 ||     4
  Use: Scroll            |       |     1 |       ||     1
Armor: Leather armour    |    30 |       |       ||    30
       Scale mail        |     3 |    49 |    40 ||    92
Dodge: Dodged            |    83 |    67 |    54 ||   204
Block: Other             |     7 |    41 |    24 ||    72
       Reflection        |       |     1 |     1 ||     2
